 Dungeon Crawl Stone Soup version 0.31.0-12-g77e489cdc1 (webtiles) character file.

Game seed: 3075461254257201514

626 Killerpretzel the Changeling (level 7, 0/46 HPs)
             Began as an Octopode Shapeshifter on Feb 11, 2024.
             Slain by a centaur (7 damage)
             ... on level 5 of the Dungeon.
             The game lasted 00:08:00 (3977 turns).

Killerpretzel the Changeling (OpSh)                 Turns: 3977, Time: 00:08:00

Health: 0/46       AC:  1    Str: 18    XL:     7   Next: 47%
Magic:  7/7        EV: 19    Int: 12    God:
Gold:   317        SH:  4    Dex: 14    Spells: 6/6 levels left

rFire   . .          .
                       - Unarmed
rCold   . . .        e - +0 buckler of the Wheelwright {rElec Str+5}
rNeg    . . .        (helmet currently unavailable)
rPois   .            (no amulet)
rElec   +            p - +5 ring of evasion
rCorr   .            (no ring)
SInv    .            (no ring)
Will    .....        (no ring)
Stlth   ++           (no ring)
HPRegen 0.27/turn    (no ring)
MPRegen 0.10/turn    (no ring)
                     (no ring)

%: no passive effects
@: beast-form
A: beast (slay +2), almost no armour, amphibious, 8 rings, camouflage 1,
gelatinous body 1, (nimble swimmer 1), tentacles
a: Begin Untransformation


You were on level 5 of the Dungeon.
You were a hulking beast.
You visited 1 branch of the dungeon, and saw 5 of its levels.

You collected 317 gold pieces.

Inventory:

Missiles
 j - 10 boomerangs (quivered)
Armour
 e - the +0 buckler of the Wheelwright (worn) {rElec Str+5}
   (You acquired it on level 1 of the Dungeon)

   Str+5:     It affects your strength (+5).
   rElec:     It insulates you from electricity.
Jewellery
 p - a +5 ring of evasion (left tentacle)
 s - a ring of protection from fire
 t - a ring of magical power
Talismans
 b - a beast talisman (active)
 c - a flux talisman
Wands
 f - a wand of charming (14)
 h - a wand of digging (5)
 r - a wand of iceblast (2)
Scrolls
 g - a scroll of poison
 k - 4 scrolls of teleportation
 q - a scroll of immolation
Potions
 a - a potion of cancellation {unknown}
 d - 2 potions of curing
 i - a potion of ambrosia
 l - a potion of mutation
 m - a potion of heal wounds
 n - a potion of enlightenment {unknown}
 o - a potion of attraction {unknown}


   Skills:
 + Level 3.2 Fighting
 + Level 3.7 Dodging
 + Level 2.6 Shields
 + Level 4.3 Unarmed Combat
 * Level 5.1 Shapeshifting


You had 6 spell levels left.
You didn't know any spells.
Your spell library contained the following spells:

 Spells                   Type           Power      Damage    Failure   Level
 Ensorcelled Hibernation  Hex/Ice        0%         N/A       54%         2
 Scorch                   Fire           0%         2d5       54%         2
 Hailstorm                Conj/Ice       0%         3d5       77%         3
 Passwall                 Erth           0%         N/A       77%         3
 Summon Ice Beast         Ice/Summ       0%         N/A       77%         3
 Swiftness                Air            0%         N/A       77%         3
 Flame Wave               Conj/Fire      0%         2d4       99%         4
 Sculpt Simulacrum        Ice/Alch       0%         N/A       100%        6
 Summon Cactus Giant      Summ           0%         N/A       100%        6


Dungeon Overview and Level Annotations

Branches:
Dungeon (5/15)
 Temple: D:4-7

Altars:
Trog

Shops:
D:4 :

Annotations:
D:5 Dowan, Duvessa, Eustachio


Innate Abilities, Weirdness & Mutations

You are a hulking beast.
Your limbs bulge with bestial killing power. (Slay +2)
You cannot wear most types of armour.
You are amphibious.
You can wear up to eight rings at the same time.
Your skin changes colour to match your surroundings (Stealth+).
Your rubbery body absorbs attacks. (AC +1, EV +1)
((You are camouflaged when in or above water. (Stealth+)))
You have tentacles for arms and can constrict up to eight enemies at once.


Message History

You constrict the scorpion, but do no damage.
The scorpion stings you. The gnoll misses you.
You tentacle-slap the scorpion. You squeeze the scorpion.
You kill the scorpion!
You block the gnoll's attack.
There are monsters nearby!
You bludgeon the gnoll! You grab the gnoll.
The gnoll is heavily wounded.
You constrict the gnoll. The gnoll hits you with a +0 flail!
You barely miss the gnoll.
The gnoll is heavily wounded.
You constrict the gnoll, but do no damage.
The gnoll closely misses you.
You bludgeon the gnoll!
You kill the gnoll!
The centaur shouts!
The centaur wields a +0 orcbow.
The centaur shoots an arrow.
You block the arrow.
You see here a scorpion corpse.
The centaur shoots an arrow.
The arrow misses you.
The centaur shoots an arrow.
The arrow hits you!
The centaur shoots an arrow.
The arrow closely misses you.
The centaur shoots an arrow.
The arrow hits you!
The centaur shoots an arrow.
You block the arrow.
The centaur unwields a +0 orcbow.
The centaur hits you.
* * * LOW HITPOINT WARNING * * *
The centaur kicks you but does no damage.
You tentacle-slap the centaur.
The centaur is lightly wounded.
You block the centaur's attack. x2
You tentacle-slap the centaur.
The centaur is moderately wounded.
The centaur hits you.
* * * LOW HITPOINT WARNING * * *
You block the centaur's attack. The centaur barely misses you.
The centaur misses you.
You tentacle-slap the centaur. Your squeeze misses the centaur.
The centaur is heavily wounded.
The centaur hits you!
You die...

....# .g..# ..g.## .... ..# +#
######+##.# .# .
#.......).###.###..
#.....†.'......$...
#ch.....#..........
#.>.....#..........
#.......#..........
#.......#........##
#.......#........#
###+######........#
###########+##.................#
...............................#
...............................#


You could see a centaur.

Vanquished Creatures
  A water moccasin (D:5)
  A scorpion (D:5)
  An orc priest (D:3)
  A bombardier beetle (D:5)
  2 hounds (D:5)
  Ijyb (D:5)
  3 orc wizards
  5 gnolls
  5 adders
  2 white imps
  A ribbon worm (D:2)
  2 dart slugs
  19 orcs
  7 endoplasms
  3 giant cockroaches
  3 goblins
  12 hobgoblins
  3 jackals (D:3)
  13 kobolds
  2 quokkas
  8 ball pythons
  6 bats
  11 frilled lizards
  7 rats
119 creatures vanquished.

Notes
Turn   | Place    | Note
-------+----------+-------------------------------------------
     0 | D:1      | Killerpretzel the Octopode Shapeshifter began the quest for
                  | the Orb.
     0 | D:1      | Reached XP level 1. HP: 13/13 MP: 1/1
   172 | D:1      | Reached XP level 2. HP: 18/18 MP: 2/2
   736 | D:1      | Reached XP level 3. HP: 23/23 MP: 3/3
   891 | D:1      | Identified a scroll of acquirement
   891 | D:1      | Acquired the +0 buckler of the Wheelwright {rElec Str+5}
   927 | D:2      | Found a faded altar of an unknown god.
  1266 | D:2      | Reached XP level 4. HP: 29/29 MP: 4/4
  1389 | D:2      | Reached skill level 1 in Shields
  1777 | D:3      | Reached skill level 4 in Shapeshifting
  1777 | D:3      | Reached XP level 5. HP: 24/34 MP: 5/5
  2364 | D:3      | Reached XP level 6. HP: 25/40 MP: 6/6
  3150 | D:4      | Found Resumu's Book Shoppe.
  3348 | D:5      | Entered Level 5 of the Dungeon
  3348 | D:5      | Noticed a water moccasin
  3354 | D:5      | Killed a water moccasin
  3355 | D:5      | Reached XP level 7. HP: 39/45 MP: 7/7
  3504 | D:5      | Reached skill level 5 in Shapeshifting
  3576 | D:5      | Noticed Dowan
  3611 | D:5      | Noticed Ijyb
  3660 | D:5      | Killed Ijyb
  3785 | D:5      | Noticed Duvessa
  3795 | D:5      | Found a bloodstained altar of Trog.
  3818 | D:5      | Noticed Eustachio
  3977 | D:5      | Slain by a centaur

Illustrated notes

Levels and vault maps discovered:
D:1:      mainiacjoe_arrival_reflecting_pool, layout_basic, minmay_lizard_king
D:2:      layout_basic, ebering_ecumenical_altar_hall
D:3:      layout_rooms, minmay_quantized
D:4:      minmay_evil_eye, layout_cave_pools, serial_shops,
          nicolae_shop_just_a_little_nook, serial_column_ruins,
          column_ruins_hut_pillars, column_ruins_corridor_straight,
          column_ruins_corridor_corner, column_ruins_open_tiny,
          column_ruins_open_small, column_ruins_open_tiny,
          column_ruins_open_large, column_ruins_open_tiny
D:5:      layout_gridville, lightli_temple_of_fire, old_standard_altar,
          lemuel_doored_altar, uniq_ijyb, uniq_duvessa, uniq_eustachio

Skill      XL: |  1  2  3  4  5  6  7 |
---------------+----------------------+-----
Shields        | 1 2 |  2.6
Fighting       | 2 3 |  3.2
Shapeshifting  | 4 5 |  5.1
Dodging        | 3 |  3.7
Unarmed Combat | 4 |  4.3

Action                     |  1- 3 |  4- 6 |  7- 9 || total
---------------------------+-------+-------+-------++-------
  Melee: Unarmed           |    85 |   117 |    38 ||   240
         Constrict         |    20 |    35 |     9 ||    64
         Tentacles         |    11 |    23 |     6 ||    40
         Punch             |       |     8 |       ||     8
    Use: Scroll            |     3 |    11 |       ||    14
         Potion            |       |       |     2 ||     2
   Stab: Sleeping          |     7 |    15 |     1 ||    23
 Armour: Skin              |    23 |    25 |    33 ||    81
  Dodge: Dodged            |    73 |    61 |    25 ||   159
  Block: Buckler           |     8 |    16 |     9 ||    33
   Form: Beast             |       |     1 |       ||     1
